 Dungeon Crawl Stone Soup version 0.28.0-53-g5a82cb258f (webtiles) character file.

Game seed: 8487815647814070793

8 jjjjhere the Grasshopper (level 2, -4/26 HPs)
             Began as a Gnoll Warper on Aug 10, 2022.
             Slain by a gnoll
             ... wielding a +0 whip
              (7 damage)
             ... on level 1 of the Dungeon.
             The game lasted 00:00:42 (302 turns).

jjjjhere the Grasshopper (Gnoll Warper)              Turns: 302, Time: 00:00:43

Health: -4/26      AC:  3    Str: 10    XL:     2   Next: 8%
Magic:  7/7        EV: 12    Int: 12    God:
Gold:   13         SH:  0    Dex: 11    Spells: 10/10 levels left

rFire   . . .      SeeInvis .   a - +0 falchion
rCold   . . .      Faith    .   (no shield)
rNeg    . . .      Spirit   .   b - +0 leather armour
rPois   .          Reflect  .   (no helmet)
rElec   .          Harm     .   (no cloak)
rCorr   .          Rampage  .   (no gloves)
Will    .....                   (no boots)
Stlth   +.........              (no amulet)
HPRegen 0.08/turn               (no ring)
MPRegen 0.10/turn               (no ring)

@: no status effects
A: fangs 1, strong nose, distributed training
a: no special abilities


You were on level 1 of the Dungeon.
You visited 1 branch of the dungeon, and saw 1 of its levels.

You collected 13 gold pieces.

Inventory:

Hand Weapons
 a - a +0 falchion (weapon)
Armour
 b - a +0 leather armour (worn)
Scrolls
 c - a scroll of blinking


   Skills:
 + Level 4.4 Fighting
 + Level 0.2 Short Blades
 + Level 4.4 Long Blades
 + Level 0.2 Axes
 + Level 0.2 Maces & Flails
 + Level 0.2 Polearms
 + Level 0.2 Staves
 + Level 0.2 Slings
 + Level 0.2 Bows
 + Level 0.2 Crossbows
 + Level 2.4 Throwing
 + Level 2.4 Armour
 + Level 4.4 Dodging
 + Level 0.2 Stealth
 + Level 0.2 Shields
 + Level 0.2 Unarmed Combat
 + Level 4.9 Spellcasting
 + Level 0.1 Conjurations
 + Level 0.1 Hexes
 + Level 0.1 Summonings
 + Level 0.1 Necromancy
 + Level 5.3 Translocations
 + Level 0.1 Transmutations
 + Level 0.1 Fire Magic
 + Level 0.1 Ice Magic
 + Level 0.1 Air Magic
 + Level 0.1 Earth Magic
 + Level 0.1 Poison Magic
 + Level 0.3 Invocations
 + Level 0.2 Evocations


You had 10 spell levels left.
You didn't know any spells.
Your spell library contained the following spells:

 Spells                   Type           Power      Damage    Failure   Level
 Blink                    Tloc           30%        N/A       4%          2
 Gell's Gravitas          Tloc           15%        N/A       9%          3
 Lesser Beckoning         Tloc           15%        N/A       9%          3
 Teleport Other           Tloc           15%        N/A       9%          3
 Manifold Assault         Tloc           15%        N/A       63%         5


Dungeon Overview and Level Annotations

Branches:
Dungeon (1/15)

Altars:


Innate Abilities, Weirdness & Mutations

You have very sharp teeth.
Your uncanny sense of smell can sniff out nearby items.
Your experience applies equally to all skills.


Message History

The hobgoblin barely misses you.
You hit the hobgoblin.
The hobgoblin is heavily wounded.
The hobgoblin closely misses you.
You hit the hobgoblin but do no damage.
The hobgoblin is heavily wounded.
The hobgoblin closely misses you.
You hit the hobgoblin.
You kill the hobgoblin!
Throw: 4 boomerangs (disperse)
Press: ? - help, Q - select action Shift-Dir - straight line, f/p - gnoll
Aim: a gnoll, wielding a +0 whip (moderately wounded, 63% to hit)
You throw a boomerang of dispersal.
The boomerang of dispersal closely misses the gnoll.
The gnoll hits you with a +0 whip.
Throw: 3 boomerangs (disperse)
Press: ? - help, Q - select action Shift-Dir - straight line, f/p - gnoll
Aim: a gnoll, wielding a +0 whip (moderately wounded, 63% to hit)
You throw a boomerang of dispersal.
The boomerang of dispersal barely misses the gnoll.
The gnoll hits you with a +0 whip.
* * * LOW HITPOINT WARNING * * *
Throw: 2 boomerangs (disperse)
Press: ? - help, Q - select action Shift-Dir - straight line, f/p - gnoll
Aim: a gnoll, wielding a +0 whip (moderately wounded, 63% to hit)
You throw a boomerang of dispersal.
The boomerang of dispersal completely misses the gnoll.
The gnoll barely misses you.
Throw: boomerang (disperse)
Press: ? - help, Q - select action Shift-Dir - straight line, f/p - gnoll
Aim: a gnoll, wielding a +0 whip (moderately wounded, 63% to hit)
You throw a boomerang of dispersal.
The boomerang of dispersal hits the gnoll.
The gnoll blinks!
The gnoll is almost dead.
The gnoll hits you with a +0 whip.
* * * LOW HITPOINT WARNING * * *
You see here a hobgoblin corpse.
The gnoll hits you with a +0 whip!
You die...

### #######.#
######..#
#8#####...†...#
##.......#
.()...#.####..#
..........# #8###...#
##.# ###.......# ###
##### ###.# ######..#
..#.##########.## #.
#.#............#
#.#####.####g##.#...##
#
....(...####@.....###
#. #.##.##.....###.###
#.##.##.##.....# #.#
##..........[..# #..
#.##.##.##.....# ####
#......##.....#
#.#....†..#####
#..†######## #...


You could see a gnoll.

Vanquished Creatures
  2 endoplasms (D:1)
  A giant cockroach (D:1)
  A goblin (D:1)
  A hobgoblin (D:1)
  A bat (D:1)
  A rat (D:1)
7 creatures vanquished.

Notes
Turn   | Place    | Note
-------+----------+-------------------------------------------
     0 | D:1      | jjjjhere the Gnoll Warper began the quest for the Orb.
     0 | D:1      | Reached XP level 1. HP: 20/20 MP: 6/6
   206 | D:1      | Reached XP level 2. HP: 9/26 MP: 7/7
   228 | D:1      | HP: 7/26 [gnoll/+0 whip (4)]
   269 | D:1      | HP: 6/26 [gnoll/+0 whip (3)]
   271 | D:1      | HP: 1/26 [gnoll/+0 whip (6)]
   302 | D:1      | Slain by a gnoll

Illustrated notes

Levels and vault maps discovered:
D:1:      lemuel_arrival_cross, layout_loops_cross,
          shapermc_ecumenical_altar_rom_forum, chequers_jeans

Action                   || total
-------------------------++-------
Melee: Falchion          ||    30
       Bite              ||     6
Throw: Boomerang         ||     5
Armor: Leather armour    ||     9
Dodge: Dodged            ||    26
